 Dungeon Crawl Stone Soup version 0.27.1 (webtiles) character file.

Game seed: 14352745868068498215

72 Ijustatesigmund the Skirmisher (level 4, -2/29 HPs)
             Began as a Gargoyle Fighter on Aug 27, 2021.
             Killed from afar by Natasha (4 damage)
             ... with a magic dart
             ... on level 3 of the Dungeon.
             The game lasted 00:02:25 (2088 turns).

Ijustatesigmund the Skirmisher (Gargoyle Fighter)   Turns: 2088, Time: 00:02:26

Health: -2/29      AC: 12    Str: 19    XL:     4   Next: 25%
Magic:  4/4        EV: 17    Int:  9    God:
Gold:   25         SH:  0    Dex: 10    Spells: 3/3 levels left

rFire    . . .     SeeInvis .   (weapon currently unavailable)
rCold    . . .     Faith    .   (shield currently unavailable)
rNeg     + + +     Spirit   .   (armour currently unavailable)
rPois    ∞         Reflect  .   (helmet currently unavailable)
rElec    .         Harm     .   (cloak currently unavailable)
rCorr    .         Rampage  .   (gloves currently unavailable)
Will     .....                  (boots currently unavailable)
Stlth    +.........             (no amulet)
HPRegen  0.09/turn              (no ring)
MPRegen  0.09/turn              (no ring)

@: mighty, fungus-form, slowed, very slow
A: melee confuse, terrified, no casting, sickness immunity, AC +3, tiny,
negative energy resistance 1, (electricity resistance), torment resistance 1,
petrification resistance, wild magic 1
a: no special abilities


You were on level 3 of the Dungeon.
You were a sentient fungus.
You visited 1 branch of the dungeon, and saw 3 of its levels.

You collected 25 gold pieces.

Inventory:

Hand Weapons
 a - a +0 flail (melded)
Armour
 b - a +0 chain mail (melded)
 c - a +0 kite shield (melded)
Scrolls
 e - 2 scrolls of identify {unknown}
 f - a scroll of immolation
 h - a scroll of enchant armour {unknown}


   Skills:
 + Level 4.1 Fighting
 * Level 3.8 Maces & Flails
 - Level 3.2 Armour
 - Level 3.2 Shields


You had 3 spell levels left.
You didn't know any spells.
Your spell library contained the following spells:

 Spells                   Type           Power      Damage    Failure   Level
 Blink                    Tloc           N/A        N/A       61%         2
 Lesser Beckoning         Tloc           0%         N/A       83%         3
 Manifold Assault         Tloc           0%         N/A       100%        5


Dungeon Overview and Level Annotations

Branches:
Dungeon (3/15)

Altars:

Annotations:
D:3 Natasha


Innate Abilities, Weirdness & Mutations

You are a sentient fungus.
You are tiny and evasive.
Your melee attack releases spores that confuse breathing creatures.
You become terrified and freeze when enemies are visible.
Your armour is entirely melded.
You are incapable of wielding weapons or throwing items.
You cannot cast spells.
You are immune to sickness and miasma.
((Your stone body is resilient. (AC +3)))
You are immune to poison.
You resist negative energy. (rN+)
((You are resistant to electric shocks. (rElec)))
You are resistant to unholy torment.
You are immune to petrification.
Your spells are a little harder to cast, but a little more powerful.


Message History

You block the black bear's attack. Natasha claws you.
The white imp gestures at you. The puff of frost hits you.
* * * LOW HITPOINT WARNING * * *
It was a potion of mutation.
You feel extremely strange.
You feel less in control of your magic. You block Natasha's attack.
The white imp barely misses you.
Natasha zaps a wand.
You resist with some effort.
You feel very mighty all of a sudden.
The white imp hits you but does no damage.
Natasha claws you but does no damage. The hobgoblin hits you.
* * * LOW HITPOINT WARNING * * *
The white imp barely misses you.
You hit Natasha.
Natasha is moderately wounded.
Natasha zaps a wand.
You turn into a sentient fungus.
Your +0 flail melds into your body.
Your +0 kite shield melds into your body.
Your +0 chain mail melds into your body.
The hobgoblin barely misses you. The white imp closely misses you.
Natasha misses you. The hobgoblin misses you.
You release spores at Natasha!
Natasha is almost dead.
Natasha completely misses you.
The hobgoblin hits you but does no damage.
Natasha stares at you and mumbles some strange words.
You resist with some effort. The hobgoblin misses you.
You closely miss Natasha.
Natasha is almost dead.
The crimson imp closely misses you. Natasha claws you but does no damage.
The hobgoblin hits you.
* * * LOW HITPOINT WARNING * * *
The crimson imp barely misses you. The white imp closely misses you.
You barely miss Natasha.
Natasha is almost dead.
The white imp disappears in a puff of smoke!
Natasha stares at you and mumbles some strange words.
The magic dart hits you.
You die...

.. #..####
......... ...
#.......#### ....
...........###....
#.................
.................
#.....<........
#....gf§.......
#....#h5.......
#.##....#h..(.##.#
#....[.........# #
#########......#
..........$..#
######.......#
#.......#
#.......#


You could see a black bear, Natasha, a crimson imp (summoned) and a hobgoblin.

Vanquished Creatures
  An adder (D:3)
  An orc (D:2)
  5 endoplasms
  4 giant cockroaches
  7 goblins
  9 hobgoblins
  3 quokkas
  4 ball pythons
  8 bats
  2 frilled lizards (D:1)
  6 kobolds
  5 rats
55 creatures vanquished.

Notes
Turn   | Place    | Note
-------+----------+-------------------------------------------
     0 | D:1      | Ijustatesigmund the Gargoyle Fighter began the quest for
                  | the Orb.
     0 | D:1      | Reached XP level 1. HP: 14/14 MP: 1/1
   452 | D:1      | Reached XP level 2. HP: 19/19 MP: 2/2
   496 | D:1      | Found a faded altar of an unknown god.
   918 | D:1      | Reached XP level 3. HP: 24/24 MP: 3/3
  1750 | D:2      | Reached skill level 4 in Fighting
  1825 | D:2      | Reached XP level 4. HP: 28/29 MP: 4/4
  2071 | D:3      | Noticed a black bear
  2072 | D:3      | Noticed Natasha
  2083 | D:3      | Gained mutation: Your spells are a little harder to cast,
                  | but a little more powerful. [potion of mutation]
  2088 | D:3      | Killed from afar by Natasha

Illustrated notes

Levels and vault maps discovered:
D:1:      elethiomel_arrival_infinity_welcomes_careful_drivers, layout_basic,
          hellmonk_ecumenical_altar_blasted
D:2:      layout_rooms, serial_curves, eino_curves_01, eino_curves_01,
          eino_curves_04
D:3:      layout_basic, goddamned_bats, uniq_terence, uniq_natasha

Skill      XL: |  1  2  3 |
---------------+----------+-----
Maces & Flails | 3 |  3.8
Fighting       | 4 |  4.1
Armour         | |  3.2
Shields        | |  3.2

Action                   |  1- 3 |  4- 6 || total
-------------------------+-------+-------++-------
Melee: Flail             |   141 |    17 ||   158
       Unarmed           |       |     3 ||     3
  Use: Potion            |       |     2 ||     2
Armor: Scale mail        |    82 |     3 ||    85
       Chain mail        |       |     9 ||     9
       Skin              |       |     2 ||     2
Dodge: Dodged            |    66 |    17 ||    83
Block: Kite shield       |    99 |    16 ||   115
